 Dungeon Crawl Stone Soup version 0.29.1-4-g47bece8355 (webtiles) character file.

Game seed: 5386776795965394689

273 fishmans the Cudgeller (level 6, -1/37 HPs)
             Began as a Gargoyle Fighter on Dec 5, 2022.
             Slain by an ogre
             ... wielding a +0 giant club
              (17 damage)
             ... on level 4 of the Dungeon.
             The game lasted 00:18:02 (3719 turns).

fishmans the Cudgeller (Gargoyle Fighter)           Turns: 3719, Time: 00:18:02

Health: -1/37      AC: 13    Str: 28    XL:     6   Next: 23%
Magic:  6/6        EV:  9    Int:  8    God:
Gold:   110        SH:  4    Dex:  9    Spells: 5/5 levels left

rFire   . . .      SeeInvis .   a - +1 flail
rCold   . . .      Faith    .   c - +0 buckler
rNeg    + . .      Spirit   .   b - +1 scale mail
rPois   ∞          Reflect  .   (no helmet)
rElec   +          Harm     .   (no cloak)
rCorr   .          Rampage  .   (no gloves)
Will    .....                   g - +0 pair of boots
Stlth   ..........              (no amulet)
HPRegen 0.12/turn               p - +6 ring of strength
MPRegen 0.10/turn               (no ring)

@: no status effects
A: sickness immunity, AC +4, negative energy resistance 1, electricity
resistance, torment resistance 1, petrification resistance
a: no special abilities


You were on level 4 of the Dungeon.
You visited 1 branch of the dungeon, and saw 4 of its levels.

You collected 110 gold pieces.

Inventory:

Hand Weapons
 a - a +1 flail (weapon)
Missiles
 l - 7 poisoned darts (quivered)
Armour
 b - a +1 scale mail (worn)
 c - a +0 buckler (worn)
 g - a +0 pair of boots (worn)
Jewellery
 p - a +6 ring of strength (left hand)
Wands
 i - a wand of acid (6)
Scrolls
 n - 3 scrolls of vulnerability
 q - a scroll of immolation
 t - a scroll of blinking {unknown}
Potions
 d - a potion of might
 e - a potion of attraction
 f - 3 potions of curing {unknown}
 h - a potion of lignification {unknown}
 j - 5 potions of brilliance {unknown}
 k - a potion of berserk rage {unknown}
 m - 2 potions of cancellation {unknown}
 o - a potion of degeneration {unknown}
 r - a potion of magic {unknown}
 s - a potion of invisibility {unknown}
 x - a potion of haste {unknown}


   Skills:
 - Level 3.2 Fighting
 * Level 6.4 Maces & Flails
 - Level 3.2 Armour
 - Level 3.2 Shields


You had 5 spell levels left.
You didn't know any spells.
Your spell library contained the following spells:

 Spells                   Type           Power      Damage    Failure   Level
 Summon Small Mammal      Summ           0%         N/A       77%         1
 Ensorcelled Hibernation  Hex/Ice        0%         N/A       88%         2
 Call Canine Familiar     Summ           0%         N/A       98%         3
 Spider Form              Tmut/Pois      0%         N/A       98%         3
 Summon Guardian Golem    Hex/Summ       0%         N/A       98%         3
 Anguish                  Hex/Necr       0%         N/A       100%        4


Dungeon Overview and Level Annotations

Branches:
Dungeon (4/15)
 Temple: D:4-7

Altars:
Vehumet

Annotations:
D:1 1 runed translucent door
D:2 1 exclusion, Sigmund


Innate Abilities, Weirdness & Mutations

You are immune to sickness and miasma.
Your stone body is resilient. (AC +4)
You are immune to poison.
You resist negative energy. (rN+)
You are resistant to electric shocks. (rElec)
You are resistant to unholy torment.
You are immune to petrification.


Message History

You closely miss the goblin. The goblin hits you but does no damage.
You hit the goblin.
The goblin is heavily wounded.
The goblin hits you but does no damage.
You closely miss the goblin.
The goblin is heavily wounded.
The goblin hits you but does no damage.
You sock the goblin!
You kill the goblin!
You start resting.
HP restored.
Found a stone staircase leading down.
Found a scroll labelled BITTORGHONLA.
Found a cloak and 6 stones.
Found a stone staircase leading up.
A kobold comes into view. It is wielding a +0 short sword.
The kobold shouts!
You see here a scroll of identify.
An ogre comes into view. It is wielding a +0 giant club.
A kobold is nearby!
A kobold is nearby!
You start waiting.
A kobold is nearby!
You sock the kobold!
You kill the kobold!
You see here a +0 short sword.
An ogre is nearby!
You see here a +0 short sword.
You start waiting.
An ogre is nearby!
You start waiting.
An ogre is nearby!
You sock the ogre!
The ogre is moderately wounded.
The ogre hits you with a +0 giant club!!
Ouch! That really hurt!
You barely miss the ogre.
The ogre is moderately wounded.
The ogre hits you with a +0 giant club!
You die...

....... ##O.............#..
.......##.?................
#..##...#..................
...........#...O..........#
#?......##............##
##.......#†.........##### .
##........)#.....######.# ..
#.......##.##).......#...
...##......@###.............
........##O## #.............
........##..###.............
..................†......###
............###.....)......#
...###...............#......
.[< #......#...............
( ##..>..#......)..#..#.#
#.................## #


You could see an ogre.

Vanquished Creatures
  A phantom (D:4)
  A scorpion (D:3)
  A hound (D:4)
  A gnoll (D:1)
  4 adders
  A worm (D:3)
  2 dart slugs
  5 endoplasms
  6 giant cockroaches
  9 goblins
  6 hobgoblins
  2 jackals (D:1)
  4 quokkas
  7 ball pythons
  3 bats
  2 frilled lizards
  7 kobolds
62 creatures vanquished.

Notes
Turn   | Place    | Note
-------+----------+-------------------------------------------
     0 | D:1      | fishmans the Gargoyle Fighter began the quest for the Orb.
     0 | D:1      | Reached XP level 1. HP: 14/14 MP: 1/1
     1 | D:1      | Found a runed translucent door.
   242 | D:1      | Reached skill level 3 in Maces & Flails
   242 | D:1      | Reached XP level 2. HP: 13/19 MP: 2/2
   736 | D:1      | Reached XP level 3. HP: 8/23 MP: 3/3
  1742 | D:1      | Reached skill level 4 in Maces & Flails
  1825 | D:2      | Reached XP level 4. HP: 27/28 MP: 4/4
  1917 | D:2      | Noticed Sigmund
  2727 | D:3      | Found a radiant altar of Vehumet.
  3189 | D:3      | Noticed a scorpion
  3202 | D:3      | Killed a scorpion
  3203 | D:3      | Reached skill level 5 in Maces & Flails
  3203 | D:3      | Reached XP level 5. HP: 32/32 MP: 5/5
  3420 | D:4      | Noticed a phantom
  3426 | D:4      | Killed a phantom
  3427 | D:4      | Reached skill level 6 in Maces & Flails
  3427 | D:4      | Reached XP level 6. HP: 37/37 MP: 6/6
  3719 | D:4      | Slain by an ogre

Illustrated notes

Levels and vault maps discovered:
D:1:      dpeg_arrival_caged_fury, layout_loops_ring, grunt_decor_one_mirror,
          minmay_shallow_snake_nest
D:2:      layout_rooms, dreamdust_ecumenical_altar_hidden_monk_grotto,
          uniq_sigmund
D:3:      layout_loops_cross, mainiacjoe_overflow_24_doors
D:4:      layout_cave_pools, fedhas_ov_isle_minmay,
          mainiacjoe_overflow_chevrons, uniq_edmund

Skill      XL: |  1  2  3  4  5 |
---------------+----------------+-----
Maces & Flails | 3 4 5 6 |  6.4
Fighting       | |  3.2
Armour         | |  3.2
Shields        | |  3.2

Action                   |  1- 3 |  4- 6 || total
-------------------------+-------+-------++-------
Melee: Flail             |   123 |    99 ||   222
Throw: Dart              |       |     1 ||     1
  Use: Scroll            |     5 |     7 ||    12
Armor: Scale mail        |    75 |    86 ||   161
Dodge: Dodged            |    57 |    50 ||   107
Block: Buckler           |    26 |    24 ||    50
